AoeStats
← KingYankee1

Black Forest

506232703Analyzed
3v3 RM · 19d ago on Sep 12, 2026· 70m 6s· 6 players
Game mode
Random Map
Map size
Normal (6 player)
Population
200
Speed
Normal
Resources
Standard
Victory
Conquest
Starting age
Dark Age
Ending age
Imperial Age
RankedLock teamsTeams togetherTeam positionsShared explorationLock speedFull tech treeHidden civsTurbo modeCheats
Victory
Defeat
🇫🇷 Khmer · France
894
+14
🇫🇷 Koreans · France
889
+14
🇺🇸 Vikings · United States
876
+14
🇩🇪 Persians · Germany
901
-16
🇩🇪 Bulgarians · Germany
859
-15
🇩🇪 Inca · Germany
766
-11
Dankemerkel21
13:50 Feudal Age
19:54 Castle Age
29:22 Double-Bit Axe
31:52 Bow Saw
31:23 Horse Collar
34:44 Imperial Age
32:22 Heavy Plow
33:28 Wheelbarrow
32:39 Town Watch
33:55 Caravan
34:26 Coinage
34:21 Gold Mining
35:07 Hand Cart
35:02 Capped Ram
36:47 Banking
37:41 Town Patrol
37:27 Loom
37:25 Siege Ram
38:01 Fletching
38:11 Padded Archer Armor
38:45 Thumb Ring
39:08 Parthian Tactics
39:35 Gold Shaft Mining
38:56 Bodkin Arrow
39:16 Leather Archer Armor
40:03 Conscription
39:20 Heavy Cavalry Archer
40:59 Bracer
43:39 Crop Rotation
46:45 Forging
46:41 Scale Barding Armor
48:25 Iron Casting
48:10 Chain Barding Armor
49:35 Blast Furnace
49:34 Stirrups
50:22 Plate Barding Armor
55:48 Chemistry
54:45 Murder Holes
Phenylalaninehydroxylase
0:54 Loom
13:03 Feudal Age
14:17 Double-Bit Axe
15:47 Wheelbarrow
15:54 Wheelbarrow
18:22 Horse Collar
21:09 Gold Mining
21:12 Stone Mining
23:24 Castle Age
21:52 Town Watch
24:35 Bow Saw
24:29 Heavy Plow
25:06 Gold Shaft Mining
25:11 Stone Shaft Mining
24:17 Elite Skirmisher
25:02 Squires
24:48 Arson
25:07 Scale Mail Armor
28:38 Caravan
30:15 Forging
32:55 Town Patrol
36:22 Imperial Age
35:05 Chain Mail Armor
35:25 Iron Casting
34:40 Fletching
34:52 Padded Archer Armor
36:18 Murder Holes
36:33 Masonry
36:15 Heated Shot
36:27 Bodkin Arrow
36:53 Hand Cart
38:57 Elite Kamayuk
39:40 Fabric Shields
40:01 Conscription
40:20 Hoardings
39:21 Sappers
40:35 Bracer
41:23 Crop Rotation
42:48 Plate Mail Armor
43:18 Blast Furnace
42:34 Leather Archer Armor
48:42 Andean Sling
56:21 Ring Archer Armor
57:36 Fortified Wall
69:09 Coinage
70:47 Banking
Tuber
0:31 Loom
13:29 Feudal Age
17:45 Castle Age
17:31 Horse Collar
26:26 Double-Bit Axe
27:29 Wheelbarrow
27:07 Heavy Plow
27:27 Bow Saw
28:33 Hand Cart
29:21 Gold Mining
29:23 Stone Mining
29:46 Forging
34:19 Imperial Age
33:20 Gold Shaft Mining
33:22 Stone Shaft Mining
32:53 Kamandaran
33:32 Iron Casting
33:02 Scale Barding Armor
32:58 Scale Mail Armor
32:48 Fletching
32:59 Padded Archer Armor
36:41 Two-Man Saw
35:59 Citadels
35:12 Elite War Elephant
36:27 Hoardings
36:13 Conscription
36:56 Blast Furnace
36:16 Chain Barding Armor
36:12 Chain Mail Armor
36:12 Leather Archer Armor
35:53 Bodkin Arrow
38:22 Husbandry
38:32 Bloodlines
37:43 Cavalier
37:44 Heavy Camel Rider
37:45 Light Cavalry
38:27 Squires
37:47 Pikeman
38:13 Arson
38:13 Gambesons
37:49 Man-at-Arms
38:01 Onager
39:32 Plate Barding Armor
39:47 Ring Archer Armor
39:47 Plate Mail Armor
40:53 Caravan
52:09 Crop Rotation
57:05 Savar
64:53 Guilds
Martial67fra
1:20 Loom
13:14 Feudal Age
13:38 Horse Collar
14:40 Wheelbarrow
15:18 Double-Bit Axe
22:41 Castle Age
21:13 Stone Mining
23:38 Hand Cart
23:37 Heavy Plow
23:50 Bow Saw
28:11 Caravan
29:51 Gold Mining
33:04 Imperial Age
34:11 Conscription
35:35 Fervor
35:51 Double Crossbow
36:08 Padded Archer Armor
37:35 Scale Barding Armor
38:48 Ballistics
38:59 Chain Barding Armor
38:04 Elite Ballista Elephant
39:37 Fletching
40:30 Siege Engineers
42:08 Bloodlines
41:58 Husbandry
42:36 Murder Holes
42:52 Fortified Wall
42:53 Masonry
44:25 Chemistry
45:08 Plate Barding Armor
49:01 Hoardings
48:25 Bodkin Arrow
48:41 Forging
48:33 Bodkin Arrow
49:11 Architecture
53:27 Bracer
55:02 Scale Mail Armor
55:13 Forging
55:12 Pikeman
56:15 Chain Mail Armor
55:43 Halberdier
KingYankee1
0:32 Loom
11:31 Feudal Age
12:06 Double-Bit Axe
12:06 Horse Collar
18:05 Castle Age
17:24 Gold Mining
17:25 Stone Mining
18:51 Heavy Plow
19:05 Bow Saw
20:04 Caravan
22:13 Gold Shaft Mining
32:12 Imperial Age
29:48 Scale Mail Armor
33:26 Elite Berserk
35:41 Forging
35:47 Chain Mail Armor
36:57 Iron Casting
39:18 Crop Rotation
39:55 Two-Man Saw
40:09 Plate Mail Armor
40:40 Blast Furnace
41:26 Chemistry
40:37 Masonry
40:23 Murder Holes
42:18 Ballistics
45:36 Pikeman
46:17 Squires
46:02 Arson
46:03 Gambesons
46:25 Chieftains
48:15 Fletching
48:25 Padded Archer Armor
49:01 Bodkin Arrow
48:34 Crossbowman
49:33 Arbalester
54:16 Elite Skirmisher
67:08 Architecture
70:15 Leather Archer Armor
70:00 Bracer
cherlien
2:11 Loom
13:38 Feudal Age
14:10 Horse Collar
16:00 Double-Bit Axe
20:58 Castle Age
18:55 Man-at-Arms
19:47 Fletching
21:49 Thumb Ring
23:48 Bow Saw
23:53 Caravan
25:38 Pikeman
28:57 Town Watch
34:20 Imperial Age
32:58 Bodkin Arrow
34:22 Scale Barding Armor
35:13 Wheelbarrow
34:56 Halberdier
35:38 Squires
38:42 Eupseong
40:08 Arrowslits
40:55 Ballistics
42:31 Elite War Wagon
45:37 Bracer
45:41 Murder Holes
46:34 Heavy Rocket Cart
59:26 Hand Cart
60:45 Two-Man Saw
64:27 Scale Mail Armor
64:38 Forging
68:19 Chain Mail Armor
68:40 Iron Casting
68:28 Masonry
68:27 Siege Engineers
68:07 Treadmill Crane
69:49 Arson
Connection lost

Rejoining the realm…

Still unreachable

The connection could not be restored.

Session expired

The server has moved on; the page needs a fresh start.